 Dungeon Crawl Stone Soup version 0.24-a0-447-ge8da9206dc (webtiles) character file.

Game seed: 17918533906397095877

27 KristoblXynda the Slasher (level 2, -2/25 HPs)
             Began as a Draconian Gladiator on June 25, 2019.
             Was an Initiate of Ashenzari.
             Killed by divine providence
             ... invoked by an orc priest
              (11 damage)
             ... on level 2 of the Dungeon.
             The game lasted 00:01:41 (1140 turns).

KristoblXynda the Slasher (Draconian Gladiator)     Turns: 1140, Time: 00:01:42

Health: -2/25      AC:  7    Str: 16    XL:     2   Next: 93%
Magic:  2/2        EV: 13    Int:  8    God:    Ashenzari [......]
Gold:   42         SH:  0    Dex: 12    Spells: 1/1 levels left

rFire    . . .     SeeInvis .   a - +0 long sword
rCold    . . .     Gourm    .   (no shield)
rNeg     . . .     Faith    .   (armour unavailable)
rPois    .         Spirit   .   b - +0 hat
rElec    .         Reflect  .   l - +0 cloak
rCorr    .         Harm     .   h - +0 pair of gloves
MR       .....                  j - +0 pair of boots
Stlth    +.........             (no amulet)
HPRegen  0.08/turn              (no ring)
MPRegen  0.08/turn              (no ring)

@: no status effects
A: unfitting armour, cold-blooded, AC +4
a: Curse Item, Renounce Religion


You were on level 2 of the Dungeon.
You worshipped Ashenzari.
Ashenzari was noncommittal.
You were not hungry.

You visited 1 branch of the dungeon, and saw 2 of its levels.

You collected 42 gold pieces.

Inventory:

Hand Weapons
 a - a +0 long sword (weapon)
Missiles
 c - 3 throwing nets (quivered)
Armour
 b - a +0 hat (worn)
 h - a +0 pair of gloves (worn)
 j - a +0 pair of boots (worn)
 l - a +0 cloak (worn)
Scrolls
 e - a scroll of magic mapping {unknown}
 g - a scroll of identify {unknown}
 i - a scroll of remove curse
 k - a scroll of enchant armour {unknown}
Comestibles
 d - 2 rations
 m - 3 chunks of flesh


   Skills:
 + Level 2.7 Fighting
 + Level 3.3 Long Blades
 - Level 2.0 Throwing
 + Level 3.0 Dodging


You had one spell level left.
You didn't know any spells.
Your spell library was empty.

Dungeon Overview and Level Annotations

Branches:
Dungeon (2/15)

Altars:
Ashenzari


Innate Abilities, Weirdness & Mutations

Your plain brown scales are hard. (AC +4)
You cannot fit into any form of body armour.
You are cold-blooded and may be slowed by cold attacks.


Message History

The orc priest invokes the aid of Beogh against you.
Pain shoots through your body!
You closely miss the orc priest.
Your tail-slap misses the orc priest.
An orc comes into view. It is wielding a +0 club.
You barely miss the orc. The orc hits you with a +0 club.
An orc comes into view. It is wielding a +0 flail.
The orc hits you with a +0 flail.
* * * LOW HITPOINT WARNING * * *
The orc closely misses you.
You riposte.
You hit the orc but do no damage.
Okay, then.
The orc priest mumbles some strange prayers to Beogh against you.
Pain shoots through your body!
* * * LOW HITPOINT WARNING * * *
It was a potion of heal wounds.
You feel much better.
The orc priest mumbles some strange prayers to Beogh against you.
Beogh smites you!
Ouch! That really hurt!
The orc priest calls down the wrath of Beogh upon you.
Beogh smites you!
You die...

.#..## #...# #...#
.#.##
#..############...####
...#
#.....oo..w.........
####
#.#.o##########..####
##o# ##.#... #o#
#...## #.# #.o.# #.#
#######o.# #@#
#........# #.#
#.####.w.# #.# #.).#
#.# #...# #.# #.#..#
#.. ....o...#..# ###
#####.###..# #. ..> #
.#.


You could see an orc priest and 2 orcs.

Vanquished Creatures
  A leopard gecko (D:2)
  An orc (D:2)
  A giant cockroach (D:1)
  2 goblins (D:1)
  3 hobgoblins
  2 jackals (D:1)
  6 bats
  2 frilled lizards
  2 kobolds (D:1)
  3 rats
23 creatures vanquished.

Notes
Turn   | Place    | Note
-------+----------+-------------------------------------------
     0 | D:1      | KristoblXynda the Draconian Gladiator began the quest for
                  | the Orb.
     0 | D:1      | Reached XP level 1. HP: 17/17 MP: 1/1
   455 | D:1      | Reached XP level 2. HP: 21/25 MP: 2/2
   956 | D:2      | Found a shattered altar of Ashenzari.
   973 | D:2      | Became a worshipper of Ashenzari the Shackled
  1140 | D:2      | Killed from afar by an orc priest

Levels and vault maps discovered:
D:1:      sevenhm_arrival_forest_fort_large_2, layout_basic, amethyst_killhole
D:2:      layout_basic, ashenzari_altar_1, marbit_many_paths, hex_large,
          chequers_serial_rivers_small_a

Skill      XL: |  1  2 |
---------------+-------+-----
Throwing       | 2 |  2.0
Dodging        | 3 |  3.0
Fighting       | |  2.7
Long Blades    | |  3.3

Action                   || total
-------------------------++-------
Melee: Long sword        ||    55
       Tailslap          ||     6
  Use: Potion            ||     1
  Eat: Chunk             ||     1
Armor: Skin              ||    20
Dodge: Dodged            ||    46
       Rpst.: Long sword ||    14

Table legend:
 A = Non-vault XP
 B = Vault XP
 C = Vault XP percentage of total XP
 D = Non-vault monster count
 E = Vault monster count
 F = Vault count percentage of total count
                 A         B        C        D         E       F
            +---------+---------+-------+---------+---------+-------
      Total |      39 |       0 |   0.0 |      23 |       0 |   0.0
            +---------+---------+-------+---------+---------+-------
        D:1 |      26 |       0 |   0.0 |      16 |       0 |   0.0
        D:2 |      13 |       0 |   0.0 |       7 |       0 |   0.0
            +---------+---------+-------+---------+---------+-------
